 Dungeon Crawl Stone Soup version 0.27.0-1-g7a089689b8 (console) character file.

Game seed: 1303550440304915682

2314 jejorda2 the Spear-Bearer (level 9, 0/69 HPs)
             Began as a Merfolk Wanderer on Aug 3, 2021.
             Was a Priest of Fedhas.
             Killed by an exploding ballistomycete spore (11 damage)
             ... set off by their pet
             ... on level 7 of the Dungeon.
             The game lasted 00:21:22 (8582 turns).

jejorda2 the Spear-Bearer (Merfolk Wanderer)        Turns: 8582, Time: 00:21:23

Health: 0/69       AC: 12    Str: 17    XL:     9   Next: 41%
Magic:  11/13      EV:  9    Int: 10    God:    Fedhas [***...]
Gold:   245        SH:  0    Dex: 13    Spells: 10/10 levels left

rFire    . . .     SeeInvis .   a - +0 halberd
rCold    . . .     Faith    .   (shield currently unavailable)
rNeg     . . .     Spirit   .   x - +2 scale mail {rPois}
rPois    +         Reflect  .   k - +1 helmet
rElec    .         Harm     .   i - scarf {repulsion}
rCorr    .         Rampage  .   (no gloves)
Will     .....                  m - +0 pair of boots
Stlth    ..........             (no amulet)
HPRegen  0.21/turn              (no ring)
MPRegen  0.13/turn              (no ring)

@: confused, repel missiles
A: (nimble swimmer 2), mertail
a: Renounce Religion, Wall of Briars, Grow Ballistomycete


You were on level 7 of the Dungeon.
You worshipped Fedhas.
Fedhas was most pleased with you.
You visited 1 branch of the dungeon, and saw 7 of its levels.

You collected 314 gold pieces.
You spent 69 gold pieces at shops.

Inventory:

Hand Weapons
 a - a +0 halberd (weapon)
 b - a +1 hand crossbow
 w - a +0 trident
Missiles
 s - 62 bolts
Armour
 i - a scarf of repulsion (worn)
 j - a +1 chain mail of fire resistance
 k - a +1 helmet (worn)
 m - a +0 pair of boots (worn)
 t - a +2 chain mail of cold resistance
 x - a +2 scale mail of poison resistance (worn)
Wands
 f - a wand of paralysis (5)
 g - a wand of iceblast (8)
Scrolls
 d - 2 scrolls of enchant weapon
 e - 3 scrolls of teleportation
 o - a scroll of fog
 p - a scroll of amnesia
 v - 3 scrolls of identify
Potions
 c - 2 potions of magic
 h - 2 potions of heal wounds
 l - 2 potions of might {unknown}
 n - 2 potions of flight {unknown}
 q - 4 potions of curing
 r - a potion of ambrosia {unknown}
 u - a potion of degeneration {unknown}


   Skills:
 - Level 6.0 Fighting
 * Level 11.3 Polearms
 - Level 1.0 Crossbows
 - Level 1.0 Throwing
 + Level 4.3 Armour
 - Level 1.1 Stealth
 - Level 1.0 Spellcasting
 - Level 1.0 Hexes
 - Level 1.3 Transmutations
 + Level 5.9 Invocations


You had 10 spell levels left.
You didn't know any spells.
Your spell library contained the following spells:

 Spells                   Type           Power      Damage    Failure   Level
 Corona                   Hex            2%         N/A       58%         1
 Shock                    Conj/Air       0%         1d3       73%         1
 Ensorcelled Hibernation  Hex/Ice        2%         N/A       80%         2
 Blink                    Tloc           N/A        N/A       86%         2
 Confusing Touch          Hex            2%         N/A       91%         3
 Tukima's Dance           Hex            2%         N/A       91%         3
 Dazzling Flash           Conj/Hex       2%         N/A       95%         3
 Ignite Poison            Fire/Tmut/Pois 1%         N/A       95%         3
 Lesser Beckoning         Tloc           0%         N/A       97%         3
 Mephitic Cloud           Conj/Pois/Air  0%         N/A       97%         3
 Swiftness                Air            0%         N/A       97%         3
 Airstrike                Air            0%         N/A       100%        4
 Olgreb's Toxic Radiance  Pois           0%         N/A       100%        4
 Summon Lightning Spire   Summ/Air       0%         N/A       100%        4
 Bolt of Magma            Conj/Fire/Erth 0%         4d4       100%        5
 Fireball                 Conj/Fire      0%         3d3       100%        5
 Iskenderun's Battlesphe  Conj           0%         2d6       100%        5
 Lightning Bolt           Conj/Air       0%         1d11      100%        5
 Manifold Assault         Tloc           0%         N/A       100%        5
 Conjure Ball Lightning   Conj/Air       0%         3x3d6     100%        6
 Orb of Destruction       Conj           0%         N/A       100%        7
 Storm Form               Tmut/Air       0%         N/A       100%        7
 Maxwell's Capacitive Co  Air            0%         ∞         100%        8


Dungeon Overview and Level Annotations

Branches:
Dungeon (7/15)             Temple (0/1) D:6

Altars:
Dithmenos
Fedhas
Hepliaklqana
Makhleb
Vehumet
Wu Jian
Zin
The Shining One

Shops:
D:2 =*?*   D:3 ([!


Innate Abilities, Weirdness & Mutations

((You are quick and stealthy near water. (Stealth+, EV+, Speed+++)))
Your lower body shifts to a powerful aquatic tail in water.


Message History

Harold is heavily wounded.
A ballistomycete spore comes into view.
You bump into the rock wall.
You completely miss Harold.
Harold is heavily wounded.
Your ballistomycete spore explodes!
The explosion of spores engulfs you!!
You are more confused.
Harold appears confused.
The explosion of spores engulfs Harold!
Harold is severely wounded.
Harold hits you but does no damage.
A ballistomycete spore comes into view.
Unknown command.
Unknown command.
Unknown command.
You bump into the rock wall.
Harold grins madly.
A ballistomycete spore comes into view.
You hit Harold.
Harold is severely wounded.
Your ballistomycete spore explodes!
Fedhas protects your plant from harm.
Harold appears confused.
The explosion of spores engulfs Harold!
Harold is almost dead.
Fedhas protects your plant from harm. The explosion of spores engulfs you.
You are more confused.
Unknown command.
Unknown command.
You bump into the rock wall.
Harold hits you with a +0 long sword!!
* * * LOW HITPOINT WARNING * * *
Your ballistomycete spore explodes!
Harold appears confused.
The explosion of spores engulfs Harold.
You kill Harold!
Fedhas appreciates your contribution to the ecosystem.
Fedhas protects your plant from harm. The explosion of spores engulfs you!
You are more confused.
You die...
Fedhas appreciates your contribution to the ecosystem.

#.######...##......
#................##
##.........#### ##
#######.#..#
##.###.... ###..#
#.##. ##...## .#
#....### ##.
#...#(P@##.....
#....##().......
##.##..##....###
#.# #.. ..### #..
#.. ...# #..# ...
#...# #. #... #...#
.... ....# ##...
#..##


You could see a friendly ballistomycete (summoned).

Vanquished Creatures
  Harold (D:7)
  A water moccasin (D:6)
  3 orc warriors
  An ice beast (D:7)
  An ogre (D:5)
  2 hornet zombies
  A necrophage (D:7)
  A centaur (D:5)
  A phantom (D:5)
  3 scorpions
  A bullfrog (D:7)
  2 wyvern zombies
  A wyvern skeleton (D:6)
  A water moccasin skeleton (D:4)
  2 howler monkeys (D:5)
  An electric eel (D:7)
  A bullfrog zombie (D:5)
  An orc priest (D:6)
  2 hounds (D:6)
  A bullfrog skeleton (D:5)
  A centaur skeleton (D:6)
  3 iguanas
  Terence (D:2)
  2 orc wizards
  A killer bee zombie (D:7)
  A howler monkey zombie (D:5)
  Robin (D:2)
  6 gnolls (D:4)
  6 adders
  A shadow imp (D:6)
  A white imp (D:7)
  An ufetubus (D:5)
  3 worms
  2 dart slugs
  17 orcs
  6 ball pythons
  10 endoplasms
  10 goblins
  10 hobgoblins
  8 kobolds
  4 quokkas
  2 bats (D:2)
  4 frilled lizards
  3 rats
132 creatures vanquished.

Vanquished Creatures (collateral kills)
  A black bear (D:4)
  A gnoll sergeant (D:4)
  A hound (D:5)
  3 gnolls (D:4)
  2 adders (D:5)
  6 ballistomycete spores
14 creatures vanquished.

Vanquished Creatures (others)
  2 ballistomycete spores
  2 plants (D:4)
4 creatures vanquished.

Grand Total: 150 creatures vanquished

Notes
Turn   | Place    | Note
-------+----------+-------------------------------------------
     0 | D:1      | jejorda2 the Merfolk Wanderer began the quest for the Orb.
     0 | D:1      | jejorda2 set off with the following items: a +0 hand
                  | crossbow, 25 bolts, a +0 robe; and the following spell
                  | memorised: Corona; and the following spells available to
                  | memorise: Ensorcelled Hibernation, Confusing Touch,
                  | Tukima's Dance, Dazzling Flash
     0 | D:1      | Reached XP level 1. HP: 18/18 MP: 2/2
    30 | D:1      | Reached skill level 1 in Polearms
    34 | D:1      | Reached XP level 2. HP: 24/24 MP: 3/3
   192 | D:1      | Reached skill level 2 in Polearms
   323 | D:1      | Found a faded altar of an unknown god.
   327 | D:1      | Became a worshipper of Fedhas Madash
   327 | D:1      | Reached * piety under Fedhas
   741 | D:2      | Reached XP level 3. HP: 29/30 MP: 4/4
   846 | D:2      | Found Foazuteoru's Assorted Antiques.
   892 | D:2      | Found Fearph's Magic Scroll Boutique.
   900 | D:2      | Bought a scroll of teleportation for 39 gold pieces
   934 | D:2      | Reached skill level 3 in Polearms
   987 | D:2      | Noticed Terence
   994 | D:2      | Killed Terence
   995 | D:2      | Reached skill level 1 in Invocations
   995 | D:2      | Reached XP level 4. HP: 31/37 MP: 5/5
  1152 | D:2      | Noticed Robin
  1159 | D:2      | Killed Robin
  1159 | D:2      | Reached ** piety under Fedhas
  1291 | D:2      | Found Rarghuw's Jewellery Shop.
  1560 | D:2      | Reached skill level 4 in Polearms
  1592 | D:2      | Found Gikaxkir's General Store.
  1692 | D:3      | Found a hazy altar of Hepliaklqana.
  1703 | D:3      | Reached XP level 5. HP: 37/42 MP: 6/6
  1805 | D:3      | Found a shadowy altar of Dithmenos.
  1850 | D:3      | Found Suotiv's Armour Shoppe.
  1950 | D:3      | Found Eplockyjell's Distillery.
  2019 | D:3      | Found an ornate altar of the Wu Jian Council.
  2080 | D:3      | Found Pedapt's Weapon Shoppe.
  2339 | D:4      | Found a glowing golden altar of the Shining One.
  2522 | D:4      | Noticed a black bear
  2533 | D:4      | Killed a black bear
  2534 | D:4      | Reached skill level 5 in Polearms
  2601 | D:4      | Reached XP level 6. HP: 49/49 MP: 7/7
  2738 | D:4      | Got the Reference Book on Harmful Contamination
  3037 | D:4      | Reached skill level 6 in Polearms
  3475 | D:4      | Reached *** piety under Fedhas
  3485 | D:4      | Reached XP level 7. HP: 49/55 MP: 9/9
  3620 | D:2      | Bought a scroll labelled UGET NONTEFI XUS for 30 gold
                  | pieces
  3673 | D:5      | Entered Level 5 of the Dungeon
  3680 | D:5      | Identified the +2 leather armour "Kosekh" {Rampage rCorr}
  4055 | D:5      | Reached skill level 5 in Fighting
  4055 | D:5      | Reached skill level 7 in Polearms
  4952 | D:5      | Reached XP level 8. HP: 7/63 MP: 10/10
  5205 | D:5      | Reached skill level 8 in Polearms
  5255 | D:5      | Found a burning altar of Makhleb.
  5571 | D:6      | Found a blossoming altar of Fedhas.
  5903 | D:6      | Reached skill level 9 in Polearms
  6275 | D:6      | Found a radiant altar of Vehumet.
  6705 | D:6      | Reached skill level 10 in Polearms
  6705 | D:6      | Reached skill level 5 in Invocations
  6906 | D:6      | Found a staircase to the Ecumenical Temple.
  7098 | D:7      | Reached XP level 9. HP: 61/69 MP: 12/12
  7733 | D:7      | Reached **** piety under Fedhas
  7769 | D:7      | Reached skill level 11 in Polearms
  8131 | D:7      | Found a glowing silver altar of Zin.
  8560 | D:7      | Noticed Harold
  8582 | D:7      | Killed Harold
  8582 | D:7      | Killed by an exploding ballistomycete spore... set off by
                  | their pet

Illustrated notes

Levels and vault maps discovered:
D:1:      heliophobic_arrival_enchanted_forest, layout_basic,
          shapermc_ecumenical_altar_petra, minmay_tromino_v4_b
D:2:      layout_loops_ring, serial_shops, shop, nicolae_square_shop, shop,
          shop, uniq_terence, uniq_robin
D:3:      layout_basic, nicolae_wu_jian_wuxing_cycle, grunt_dithmenos_smoke,
          mainiacjoe_overflow_tiny_flanked, serial_shops, shop,
          nicolae_lakefront_shop, nicolae_shop_statue_plus
D:4:      minmay_door_path, layout_basic, tso_oasis_becter,
          corexii_item_surrounded_by_moat, minmay_goblin_kobold_house
D:5:      layout_basic, marbit_many_paths
D:6:      layout_loops_ring, kennysheep_little_box,
          mainiacjoe_overflow_alcove_2, minmay_temple_entry_ruins
D:7:      layout_layer_cave, overflow_temple_1_default,
          mainiacjoe_overflow_paths, lightli_minifort, uniq_harold

Skill      XL: |  1  2  3  4  5  6  7  8  9 |
---------------+----------------------------+-----
Polearms       | 1 2 3 4 5 6 7 10 11 | 11.3
Invocations    | 1 2 3 5 |  5.9
Fighting       | 4 5 6 |  6.0
Armour         | 2 3 4 |  4.3
Crossbows      | |  1.0
Throwing       | |  1.0
Stealth        | |  1.1
Spellcasting   | |  1.0
Hexes          | |  1.0
Transmutations | |  1.3

Action                   |  1- 3 |  4- 6 |  7- 9 || total
-------------------------+-------+-------+-------++-------
Melee: Dagger            |       |     4 |       ||     4
       Halberd           |       |    55 |   364 ||   419
 Fire: Hand crossbow     |    68 |   102 |     5 ||   175
Invok: Wall of Briars    |       |     3 |     2 ||     5
       Grow Ballistomyce |       |       |     2 ||     2
  Use: Scroll            |       |     5 |     7 ||    12
       Potion            |       |       |     3 ||     3
 Stab: Confused          |       |       |     2 ||     2
       Distracted        |       |       |     1 ||     1
Armor: Leather armour    |     3 |       |       ||     3
       Chain mail        |     4 |    35 |   228 ||   267
       Scale mail        |       |       |    12 ||    12
Dodge: Dodged            |    11 |    28 |   125 ||   164
       Repelled          |       |       |     1 ||     1
